 Dungeon Crawl Stone Soup version 0.30-a0-737-gf23d940 (webtiles) character file.

Game seed: 8338372727862640305

19 Bundar the Ducker (level 2, -5/23 HPs)
             Began as a Djinni Gladiator on Jan 31, 2023.
             Killed by divine providence
             ... invoked by an orc priest
              (13 damage)
             ... on level 2 of the Dungeon on Feb 1, 2023.
             The game lasted 00:07:47 (561 turns).

Bundar the Ducker (Djinni Gladiator)                 Turns: 561, Time: 00:07:48

Health: -5/23      AC:  6    Str: 13    XL:     2   Next: 95%
Gold:   84         EV: 11    Int:  9    God:
                   SH:  0    Dex: 14

rFire   + + .      SeeInvis .    a - +0 long sword
rCold   x . .      Faith    .    (no shield)
rNeg    . . .      Spirit   .    h - +0 ring mail
rPois   ∞          Reflect  .    c - +0 helmet
rElec   .          Harm     .    (no cloak)
rCorr   .          Rampage  .    (no gloves)
Will    .....                    (boots unavailable)
Stlth   +                        (no amulet)
HPRegen 0.23/turn                (no ring)
MPRegen 0.00/turn                (no ring)

@: flying
A: sickness immunity, fire resistance 2, cold vulnerability 1, float, innate
caster, HP casting, extra vitality 1
a: no special abilities


You were on level 2 of the Dungeon.
You visited 1 branch of the dungeon, and saw 2 of its levels.

You collected 84 gold pieces.

Inventory:

Hand Weapons
 a - a +0 long sword (weapon)
Missiles
 d - 2 throwing nets (quivered)
 e - a javelin
 g - 9 stones
Armour
 b - a +0 leather armour
 c - a +0 helmet (worn)
 h - a +0 ring mail (worn)
Scrolls
 k - a scroll of magic mapping {unknown}
Potions
 f - a potion of curing {unknown}
 i - a potion of degeneration {unknown}


   Skills:
 + Level 2.0 Fighting
 + Level 3.1 Long Blades
 + Level 1.7 Throwing
 + Level 0.3 Armour
 + Level 3.6 Dodging


You had one spell level left.
You didn't know any spells.
Your spell library was empty.

Dungeon Overview and Level Annotations

Branches:
Dungeon (2/15)

Altars:

Shops:
D:2 (


Innate Abilities, Weirdness & Mutations

You are immune to sickness and miasma.
You are immune to poison.
Your flesh is very heat resistant. (rF++)
You are vulnerable to cold. (rC-)
You float through the air rather than walking.
You learn spells naturally, not from books.
Your magical power is your life essence.
You have superior vitality. (+4 MHP)


Message History

The hobgoblin hits you but does no damage.
You hit the hobgoblin.
You kill the hobgoblin!
You see here a hobgoblin corpse.
Found 8 gold pieces.
Found 31 gold pieces.
Found 7 gold pieces.
Found Fuqenust's Weapon Emporium.
Found 38 gold pieces.
You now have 8 gold pieces.
You now have 16 gold pieces (gained 8).
You now have 24 gold pieces (gained 8).
Found a stone staircase leading up.
You now have 39 gold pieces (gained 15).
You now have 46 gold pieces (gained 7).
You now have 62 gold pieces (gained 16).
You now have 75 gold pieces (gained 13).
You now have 84 gold pieces (gained 9).
There is an entrance to Fuqenust's Weapon Emporium here.
There are no items here.
Unknown command.
There is an entrance to Fuqenust's Weapon Emporium here.
Welcome back, Bundar the Djinni Gladiator.
Press ? for a list of commands and other information.
There are no items here. 2 orcs and 2 orc priests come into view.
The orc shouts! x2; The orc priest shouts!
You hear a shout!
The orc moves out of view.
The orc misses you.
The orc priest looks satisfied for a moment.
The orc barely misses you.
The orc priest invokes the aid of Beogh against you.
Beogh smites you!
Ouch! That really hurt!
You hit the orc.
The orc is heavily wounded.
The orc closely misses you.
The orc priest invokes the aid of Beogh against you.
Beogh smites you!
Ouch! That really hurt!
You die...

#.# #.### #. #.#.o...#
#. #.#.....# #.
#.....o.# #< #o# #.
##### #o# #.####...##
#.# #.#.......# #o#
#.........# #@#
#..∩......# #.#
##...#...## #.#
######.## #.#
####.########.#
#...........#.#
#.##.#####....#
#.##.####.........#
####.##†.........###.#


You could see 2 orc priests and an orc.

Vanquished Creatures
  2 bats (D:2)
  2 endoplasms (D:2)
  2 hobgoblins
  2 jackals (D:2)
  A quokka (D:2)
  A ball python (D:2)
  A frilled lizard (D:2)
  2 goblins
  2 kobolds
  2 rats (D:2)
17 creatures vanquished.

Notes
Turn   | Place    | Note
-------+----------+-------------------------------------------
     0 | D:1      | Bundar the Djinni Gladiator began the quest for the Orb.
     0 | D:1      | Reached XP level 1. HP: 18/18 MP: 0/0
   118 | D:1      | Upgraded the game from 0.30-a0-728-gc68057b to
                  | 0.30-a0-737-gf23d940
   199 | D:2      | Reached XP level 2. HP: 18/23 MP: 0/0
   500 | D:2      | Found Fuqenust's Weapon Emporium.
   561 | D:2      | Killed from afar by an orc priest

Illustrated notes

Levels and vault maps discovered:
D:1:      dpeg_arrival_lava_altar, layout_loops_ring
D:2:      layout_loops_ring, basic_altar, serial_shops, shop_coins,
          nicolae_figureground_pulse

Skill      XL: |  1 |
---------------+----+-----
Long Blades    | 3 |  3.1
Fighting       | |  2.0
Throwing       | |  1.7
Armour         | |  0.3
Dodging        | |  3.6

Action                     || total
---------------------------++-------
  Melee: Long sword        ||    49
         Punch             ||     2
  Throw: Throwing net      ||     1
    Use: Scroll            ||     1
 Armour: Leather armour    ||     9
         Ring mail         ||    21
  Dodge: Dodged            ||    51

Table legend: (Time is in decaauts)
 A = Elapsed time spent in this place.
 B = Non-inter-level travel time spent in this place.
 C = Inter-level travel time spent in this place.
 D = Time resting spent in this place.
 E = Time spent auto-exploring this place.
 F = Levels seen in this place.
 G = Mean time per level.
                   A        B        C        D        E       F      G
               +--------+--------+--------+--------+--------+-----+--------+
         Total |    573 |    573 |      0 |     51 |      0 |   2 |  286.5 |
       Dungeon |    573 |    573 |      0 |     51 |      0 |   2 |  286.5 |
               +--------+--------+--------+--------+--------+-----+--------+

Top non-repeatable levels by time:
     D:2: 449 daAuts
     D:1: 124 daAuts
